 Dungeon Sprint DCSS version 0.27-a0-1137-g3ef0f4ec91 (webtiles) character file.

Game seed: 3050906064587877681

344 mhtbhm the Arsonist (level 6, 0/47 HPs)
             Began as a Deep Elf Fire Elementalist on May 7, 2021.
             Was a Follower of Vehumet.
             Slain by an air elemental (1 damage)
             ... in the Dungeon (Sprint V: "Ziggurat Sprint").
             The game lasted 00:01:14 (389 turns).

mhtbhm the Arsonist (Deep Elf Fire Elementalist)     Turns: 389, Time: 00:01:15

Health: 0/47       AC:  5    Str:  5    XL:     6   Next: 31%
Magic:  6/19       EV: 15    Int: 34    God:    Vehumet [*.....]
Gold:   0          SH:  0    Dex: 15    Spells: 6/22 levels left

rFire    + . .     SeeInvis .   C - +8 lance "Wyrmbane" {slay drac, rPois rF+ rC+ AC+3}
rCold    + . .     Faith    .   (no shield)
rNeg     . . .     Spirit   .   a - +0 robe
rPois    +         Reflect  .   (no helmet)
rElec    .         Harm     .   (no cloak)
rCorr    .         Rampage  .   (no gloves)
Will     .....     NoTele   +   (no boots)
Stlth    +++.......             s - amulet of Vitality {Regen+ HP+15}
HPRegen  1.15/turn              u - +6 ring of intelligence
MPRegen  0.16/turn              v - +6 ring of intelligence

@: flying (expiring), very slightly contaminated
A: no striking features
a: Renounce Religion


You were in the Dungeon.
You worshipped Vehumet.
Vehumet was aware of your devotion.
You visited 1 branch

Inventory:

Hand Weapons
 C - the +8 lance "Wyrmbane" (weapon) {slay drac, rPois rF+ rC+ AC+3}
   (You found it in the Dungeon)

   It affects your AC (+3).
   It protects you from fire.
   It protects you from cold.
   It protects you from poison.
Armour
 a - a +0 robe (worn)
Jewellery
 s - the amulet of Vitality (around neck) {Regen+ HP+15}
   (You found it in the Dungeon)

   [amulet of regeneration]

   It affects your health (+15).
   It increases your rate of health regeneration.
 u - a +6 ring of intelligence (left hand)
 v - a +6 ring of intelligence (right hand)
Wands
 y - a wand of mindburst (7)
 z - a wand of iceblast (7)
 A - a wand of acid (5)
Scrolls
 h - 3 scrolls of blinking
 m - 4 scrolls of amnesia
 n - 7 scrolls of fog
 o - a scroll of holy word
 p - 5 scrolls of identify
 q - 2 scrolls of fear
Potions
 b - 2 potions of brilliance
 c - 10 potions of curing
 d - 10 potions of heal wounds
 e - 6 potions of haste
 f - 7 potions of magic
 g - 3 potions of berserk rage
 i - 2 potions of invisibility
 j - 4 potions of resistance
 k - a potion of experience
 l - 5 potions of might
Miscellaneous
 B - a lightning rod (4/4)


   Skills:
 + Level 6.3 Dodging
 - Level 5.1 Stealth
 + Level 8.6 Spellcasting
 + Level 2.3 Conjurations
 + Level 11.3 Fire Magic
 + Level 0.9 Evocations


You had 6 spell levels left.
You knew the following spells:

 Your Spells              Type           Power      Damage    Failure   Level
a - Foxfire               Conj/Fire      100%       2x1d9     1%          1
b - Conjure Flame         Conj/Fire      57%        6-21      1%          3
c - Inner Flame           Hex/Fire       52%        N/A       1%          3
d - Sticky Flame          Conj/Fire      57%        2d7       1%          4
e - Fireball              Conj/Fire      28%        3d12      4%          5

Your spell library contained the following spells:

 Spells                   Type           Power      Damage    Failure   Level
 Magic Dart               Conj           100%       1d8       1%          1


Dungeon Overview and Level Annotations

Branches:
Dungeon (1/1)

Altars:
Ashenzari
Cheibriados
Dithmenos
Elyvilon
Fedhas
Gozag
Hepliaklqana
Kikubaaqudgha
Makhleb
Nemelex Xobeh
Okawaru
Qazlal
Ru
Sif Muna
Trog
Uskayaw
Vehumet
Wu Jian
Xom
Yredelemnul
Zin
The Shining One
Beogh
Jiyva
Lugonu

Annotations:
D 1 transporter


Message History

A vortex of raging winds appears around the air elemental!
The air elemental misses you.
Unknown command.
Unknown command.
Blink to where?
Press: ? - help, Dir - move target, p - air elemental
As you read the scroll of blinking, it crumbles to dust.
The winds around the air elemental start to calm down.
The air elemental closely misses you.
Unknown command.
Casting: Fireball (quite dangerous; 4% risk of failure)
Confirm with . or Enter, or press ? or * to list all spells.
Aiming: Sticky Flame (dangerous; 1% risk of failure)
Press: ? - help, Shift-Dir - straight line, f - air elemental
Aim: an air elemental (raging winds, heavily damaged, 100% to hit)
The sticky flame hits the air elemental!
The air elemental is severely damaged.
You float gracefully downwards.
The vortex of raging winds lifts you up.
You fly up into the air.
A vortex of raging winds appears around the air elemental!
The air elemental closely misses you. The air elemental hits you.
The air elemental closely misses you.
Unknown command.
Unknown command.
Casting: Sticky Flame (dangerous; 1% risk of failure)
Confirm with . or Enter, or press ? or * to list all spells.
Aiming: Sticky Flame (dangerous; 1% risk of failure)
Press: ? - help, Shift-Dir - straight line, f/p - air elemental
Aim: an air elemental (severely damaged, 100% to hit)
The sticky flame hits the air elemental.
The air elemental is almost destroyed.
You are engulfed in raging winds.
* * * LOW HITPOINT WARNING * * *
The winds around the air elemental start to calm down.
The air elemental hits you!
* * * LOW HITPOINT WARNING * * *
A vortex of raging winds appears around the air elemental!
The air elemental hits you.
You die...

▓▓▓▓▓▓▓▓▓▓▓▓▓▓▓▓▓▓
▓§8§8§▓.8©8.▓.8©8.
▓§§§§§▓.|=..▓.....
▓EEE§§▓.....▓.|.).
▓@§§E§▓.)...▓..)..
▓§§§§§▓.....▓.....
▓§§§§§▓.....▓..©..
▓..©§§▓..©..▓▓▓▓▓▓
▓▓▓▓▓▓▓▓▓▓▓▓▓


You could see 4 air elementals.

Vanquished Creatures
  A spriggan (D)
  A naga (D)
  A wolf (D)
  2 ball pythons (D)
5 creatures vanquished.

Notes
Turn   | Place    | Note
-------+----------+-------------------------------------------
     0 | D        | mhtbhm the Deep Elf Fire Elementalist began the quest for
                  | the Orb.
     0 | D        | Reached XP level 1. HP: 10/10 MP: 6/6
     0 | D        | Found a shimmering blue altar of Sif Muna.
     0 | D        | Found a bloodstained altar of Trog.
     0 | D        | Found a sacrificial altar of Ru.
     0 | D        | Found a stormy altar of Qazlal.
     0 | D        | Found an iron altar of Okawaru.
     1 | D        | Found a sparkling altar of Nemelex Xobeh.
     1 | D        | Found a blossoming altar of Fedhas.
     2 | D        | Found the +6 Majin-Bo {vamp, MP+6 Int+6}
     2 | D        | Found the +9 heavy crossbow "Sniper" {vorpal, Acc+∞ SInv}
     2 | D        | Found the +10 dark maul {vorpal}
     2 | D        | Found the +15 Maxwell's patent armour {-Cast -Tele rElec
                  | Will+ rCorr}
     2 | D        | Found the +18 shield of the Gong {rElec rN+ Will+ EV-5}
     2 | D        | Found the +14 obsidian axe {vorpal, Drain Fly SInv}
     2 | D        | Found the +7 great mace "Firestarter" {inner flame, rF++}
     2 | D        | Found the +6 shillelagh "Devastator" {shatter}
     2 | D        | Found the +11 plutonium sword {Contam Stlth-}
     2 | D        | Found the +8 lance "Wyrmbane" {slay drac, rPois rF+ rC+
                  | AC+3}
     2 | D        | Found the +9 sword of Zonguldrok {reap}
     2 | D        | Found the +13 scythe of Curses {drain, Drain}
     2 | D        | Found the +5 sword of Power {vorpal}
     2 | D        | Found the +7 mace of Variability {chain chaos}
     2 | D        | Found the +7 Singing Sword {vorpal, sonic wave}
     2 | D        | Found the +8 storm bow {elec, penet}
     3 | D        | Found a transporter.
     3 | D        | Found an ancient bone altar of Kikubaaqudgha.
     3 | D        | Found a viscous altar of Jiyva.
     3 | D        | Found a corrupted altar of Lugonu.
     3 | D        | Found a hazy altar of Hepliaklqana.
     3 | D        | Found a burning altar of Makhleb.
     3 | D        | Found an opulent altar of Gozag.
     5 | D        | Banished a spatial maelstrom
    37 | D        | Became a worshipper of Vehumet
    60 | D        | Entered arena 2.
    60 | D        | Noticed a wolf
    60 | D        | Noticed a spriggan
    60 | D        | Found a transporter.
    61 | D        | Killed a wolf
    62 | D        | Reached skill level 5 in Spellcasting
    62 | D        | Reached skill level 7 in Fire Magic
    62 | D        | Reached XP level 2. HP: 15/15 MP: 6/10
    62 | D        | Reached XP level 3. HP: 19/19 MP: 7/12
    62 | D        | Reached XP level 4. HP: 24/24 MP: 7/13
    62 | D        | Killed a spriggan
    63 | D        | Reached skill level 5 in Dodging
    63 | D        | Reached skill level 5 in Stealth
    63 | D        | Reached skill level 10 in Fire Magic
    63 | D        | Reached XP level 5. HP: 28/28 MP: 7/17
   135 | D        | Learned a level 3 spell: Conjure Flame
   139 | D        | Learned a level 3 spell: Inner Flame
   144 | D        | Learned a level 4 spell: Sticky Flame
   150 | D        | Learned a level 5 spell: Fireball
   257 | D        | Entered arena 3.
   257 | D        | Noticed a naga
   257 | D        | Found a transporter.
   258 | D        | Found the amulet of Vitality {Regen+ HP+15}
   258 | D        | Reached * piety under Vehumet
   258 | D        | Offered knowledge of Magic Dart by Vehumet.
   260 | D        | Killed a naga
   261 | D        | Reached skill level 11 in Fire Magic
   261 | D        | Reached XP level 6. HP: 32/32 MP: 4/19
   384 | D        | Entered arena 4.
   384 | D        | Noticed an air elemental
   384 | D        | Noticed an air elemental
   384 | D        | Noticed an air elemental
   384 | D        | Noticed an air elemental
   384 | D        | Found a transporter.
   389 | D        | HP: 1/47 [air elemental (9)]
   389 | D        | Slain by an air elemental

Illustrated notes

Levels and vault maps discovered:
D:        sprint_v [room_start, room_1, room_2, room_3, room_4, room_5, room_6,
          room_7, room_8, room_9, room_10, room_11, room_12, room_13, room_14,
          room_15, room_16, room_17, room_18, room_19, room_20, room_21,
          room_22, room_23, room_24, room_25, room_26, room_27]

Skill      XL: |  1  2  3  4  5 |
---------------+----------------+-----
Dodging        | 4 5 6 |  6.3
Stealth        | 3 5 |  5.1
Spellcasting   | 5 7 8 |  8.6
Fire Magic     | 7 10 11 | 11.3
Conjurations   | 2 |  2.3
Evocations     | |  0.9

Action                   |  1- 3 |  4- 6 || total
-------------------------+-------+-------++-------
 Cast: Fireball          |       |     3 ||     3
       Sticky Flame      |       |     2 ||     2
Evoke: Wand              |     1 |     1 ||     2
       Lightning rod     |       |     1 ||     1
  Use: Scroll            |       |     1 ||     1
Armor: Robe              |       |     1 ||     1
Dodge: Dodged            |       |     6 ||     6

Table legend: (Time is in decaauts)
 A = Elapsed time spent in this place.
 B = Non-inter-level travel time spent in this place.
 C = Inter-level travel time spent in this place.
 D = Time resting spent in this place.
 E = Time spent auto-exploring this place.
 F = Levels seen in this place.
 G = Mean time per level.
                   A        B        C        D        E       F      G
               +--------+--------+--------+--------+--------+-----+--------+
         Total |    387 |    387 |      0 |    266 |      0 |   1 |  387.0 |
       Dungeon |    387 |    387 |      0 |    266 |      0 |   1 |  387.0 |
               +--------+--------+--------+--------+--------+-----+--------+

Top non-repeatable levels by time:
       D: 387 daAuts
